AoeStats
← Reymmius

Arabia

509598872Analyzed
1v1 RM · 3d ago on Sep 27, 2026· 37m 49s· 2 players
Game mode
Random Map
Map size
Tiny (2 player)
Population
200
Speed
Normal
Resources
Standard
Victory
Conquest
Starting age
Dark Age
Ending age
Imperial Age
RankedLock teamsTeams togetherTeam positionsShared explorationLock speedFull tech treeHidden civsTurbo modeCheats
Victory
Defeat
🇫🇷 Malay · France
1022
+14
🇪🇸 Mongols · Spain
982
-14
Reymmius
10:06 Feudal Age
14:03 Loom
18:14 Castle Age
27:14 Padded Archer Armor
28:38 Fletching
30:25 Bloodlines
30:54 Scale Barding Armor
31:59 Forging
36:30 Chain Barding Armor
36:46 Iron Casting
36:27 Leather Archer Armor
36:55 Bodkin Arrow
timotei35
6:57 Loom
9:39 Feudal Age
9:43 Arson
10:11 Arson
9:58 Man-at-Arms
10:10 Man-at-Arms
11:27 Double-Bit Axe
19:48 Castle Age
18:59 Arson
18:49 Long Swordsman
19:50 Horse Collar
20:26 Fletching
23:04 Town Watch
23:55 Wheelbarrow
23:00 Elite Skirmisher
26:02 Siphons
25:37 Treadmill Crane
26:06 Padded Archer Armor
26:47 Bodkin Arrow
27:11 Leather Archer Armor
27:39 Ballistics
27:02 Elite Skirmisher
29:41 Bodkin Arrow
30:17 Heavy Plow
33:33 Bow Saw
34:41 Hand Cart
37:56 Imperial Age
36:57 Thumb Ring
38:13 Ring Archer Armor
Connection lost

Rejoining the realm…

Still unreachable

The connection could not be restored.

Session expired

The server has moved on; the page needs a fresh start.